AoeStats
← hahnbaer

QS Arena

503600045Analyzed
4v4 RM · 1mo ago on Sep 1, 2026· 32m 2s· 8 players
Game mode
Random Map
Map size
Large (8 player)
Population
200
Speed
Normal
Resources
Standard
Victory
Conquest
Starting age
Dark Age
Ending age
Imperial Age
RankedLock teamsTeams togetherTeam positionsShared explorationLock speedFull tech treeHidden civsTurbo modeCheats
Victory
Defeat
🇯🇵 Hindustanis · Japan
1194
+13
1168
+14
🇨🇳 Cumans · China
1163
+15
🇨🇳 Turks · China
1114
+17
🇬🇧 Khitans · United Kingdom
1187
-17
🇳🇱 Celts · Netherlands
1146
-15
🇳🇱 Khmer · Netherlands
1108
-14
🇩🇪 Vikings · Germany
1091
-13
Donkerzs
2:48 Loom
9:41 Feudal Age
14:01 Castle Age
12:50 Double-Bit Axe
12:47 Horse Collar
23:51 Bow Saw
27:35 Imperial Age
hahnbaer
1:11 Loom
9:40 Feudal Age
14:02 Castle Age
11:54 Horse Collar
12:08 Gold Mining
12:49 Double-Bit Axe
14:54 Bow Saw
15:01 Heavy Plow
15:53 Fletching
16:08 Crossbowman
17:12 Scale Mail Armor
17:23 Padded Archer Armor
19:21 Gold Shaft Mining
19:42 Bodkin Arrow
21:28 Leather Archer Armor
Sulzmania
8:09 Feudal Age
12:28 Castle Age
11:05 Double-Bit Axe
11:03 Domestication
16:11 Bow Saw
17:48 Pastoralism
17:39 Gold Mining
20:21 Stone Mining
22:02 Wheelbarrow
21:15 Town Watch
22:04 Forging
22:02 Scale Barding Armor
22:44 Husbandry
23:21 Iron Casting
23:44 Stone Shaft Mining
22:40 Light Cavalry
24:19 Chain Barding Armor
27:10 Hand Cart
30:26 Imperial Age
27:42 Loom
29:40 Masonry
30:29 Heavy Camel Rider
30:29 Hussar
31:47 Plate Barding Armor
30:49 Heavy Camel Rider
30:49 Hussar
30:56 Elite Steppe Lancer
jsvos123
2:24 Loom
7:40 Feudal Age
8:10 Horse Collar
12:37 Castle Age
11:03 Double-Bit Axe
14:14 Town Watch
14:52 Gold Mining
17:10 Bow Saw
20:15 Scale Barding Armor
22:55 Chain Barding Armor
23:16 Forging
24:09 Bloodlines
25:14 Heavy Plow
27:16 Wheelbarrow
29:35 Fletching
30:53 Stone Mining
XGFC
9:26 Feudal Age
13:37 Castle Age
11:38 Horse Collar
11:46 Double-Bit Axe
12:16 Gold Mining
19:10 Imperial Age
17:20 Bow Saw
18:35 Padded Archer Armor
20:14 Leather Archer Armor
26:36 Loom
27:46 Wheelbarrow
30:25 Heavy Plow
32:31 Two-Man Saw
32:26 Hand Cart
莞
8:11 Feudal Age
8:49 Double-Bit Axe
10:28 Horse Collar
17:36 Castle Age
15:22 Loom
15:55 Scale Barding Armor
17:15 Wheelbarrow
16:37 Gold Mining
17:17 Forging
18:24 Bloodlines
18:38 Chain Barding Armor
20:20 Iron Casting
20:12 Bow Saw
21:41 Heavy Plow
24:21 Hand Cart
25:08 Gold Shaft Mining
27:37 Capped Ram
nakasone
4:41 Loom
9:19 Feudal Age
14:26 Castle Age
12:17 Double-Bit Axe
12:38 Horse Collar
15:27 Wheelbarrow
16:02 Bow Saw
16:15 Heavy Plow
19:35 Gold Mining
21:48 Gold Shaft Mining
22:41 Stone Mining
24:03 Stone Shaft Mining
26:54 Imperial Age
24:36 Scale Barding Armor
24:42 Bloodlines
25:25 Husbandry
25:56 Chain Barding Armor
26:51 Forging
26:59 Heavy Camel Rider
28:20 Plate Barding Armor
30:56 Iron Casting
30:38 Imperial Camel Rider
31:59 Devotion
种田玩家打队友别打我
8:05 Feudal Age
12:01 Castle Age
9:59 Double-Bit Axe
10:34 Horse Collar
14:14 Wheelbarrow
15:55 Loom
16:09 Town Watch
22:13 Fletching
23:08 Bow Saw
24:40 Bodkin Arrow
25:46 Padded Archer Armor
29:27 Imperial Age
29:44 Leather Archer Armor
29:52 Ballistics
29:27 Gold Mining
30:11 Hand Cart
31:23 Conscription
31:08 Bracer
31:39 Ring Archer Armor
Connection lost

Rejoining the realm…

Still unreachable

The connection could not be restored.

Session expired

The server has moved on; the page needs a fresh start.